 Dungeon Crawl Stone Soup version 0.29-a0-857-g9b1aa3ac5b (webtiles) character file.

Game seed: 1935969360981889128

78 concernfroge the Trooper (level 4, -9/39 HPs)
             Began as a Mummy Monk on July 17, 2022.
             Killed by divine providence
             ... invoked by an orc priest
              (12 damage)
             ... on level 6 of the Dungeon.
             The game lasted 00:04:30 (1940 turns).

concernfroge the Trooper (Mummy Monk)               Turns: 1940, Time: 00:04:32

Health: -9/39      AC: 13    Str: 16    XL:     4   Next: 15%
Magic:  4/4        EV: 10    Int:  9    God:
Gold:   77         SH:  0    Dex: 14    Spells: 3/3 levels left

rFire   x . .      SeeInvis .   h - +3 dagger (protect)
rCold   + . .      Faith    .   (no shield)
rNeg    + + +      Spirit   .   b - +0 scale mail
rPois   ∞          Reflect  .   (no helmet)
rElec   .          Harm     .   (no cloak)
rCorr   .          Rampage  .   (no gloves)
Will    .....                   (no boots)
Stlth   ..........              (no amulet)
HPRegen 0.13/turn               (no ring)
MPRegen 0.09/turn               (no ring)

@: about to teleport, under a protective aura
A: cold resistance 1, negative energy resistance 3, torment resistance 2, heat
vulnerability 1, in touch with death 1, no potions
a: no special abilities


You were on level 6 of the Dungeon.
You visited 1 branch of the dungeon, and saw 4 of its levels.

You collected 77 gold pieces.

Inventory:

Hand Weapons
 a - a +0 spear
 h - a +3 dagger of protection (weapon)
Armour
 b - a +0 scale mail (worn)
 k - a +0 ring mail
Scrolls
 c - a scroll of vulnerability
 d - a scroll of teleportation
 e - a scroll of fog


   Skills:
 + Level 5.0 Fighting
 - Level 2.4 Polearms
 - Level 2.4 Dodging
 - Level 1.5 Stealth


You had 3 spell levels left.
You didn't know any spells.
Your spell library was empty.

Dungeon Overview and Level Annotations

Branches:
Dungeon (3/15)

Altars:


Innate Abilities, Weirdness & Mutations

You are immune to poison.
Your flesh is cold resistant. (rC+)
You are immune to negative energy. (rN+++)
You are immune to unholy pain and torment.
You are vulnerable to heat. (rF-)
You are in touch with the powers of death.
You do not drink.


Message History

You fall into a shaft and drop 3 floors!
The shaft crumbles and collapses.
An orc priest and an orc come into view.
Found a stone staircase leading up.
The orc priest shouts!
The orc shouts!
You hear a shout!
Something shouts, "Scamper home, thou ducking dried pigeon-egg!"
An orc comes into view. It is wielding a +0 morningstar.
The orc hits you with a +0 hand axe.
You barely miss the orc. The orc hits you but does no damage.
You hit the orc.
Your weapon exudes an aura of protection.
The orc is moderately wounded.
The orc closely misses you.
You hit the orc but do no damage.
The orc is moderately wounded.
The orc hits you but does no damage.
The orc priest calls upon Beogh to heal the orc.
The orc's wounds heal themselves!
You hit the orc.
The orc is moderately wounded.
The orc hits you with a +0 hand axe.
You hit the orc.
The orc is heavily wounded.
The orc hits you but does no damage.
You hit the orc.
You kill the orc!
The orc priest calls down the wrath of Beogh upon you.
Beogh smites you!
You are too injured to fight recklessly!
As you read the scroll of teleportation, it crumbles to dust.
You feel strangely unstable. The orc closely misses you.
You hit the orc but do no damage. The orc hits you with a +0 morningstar!
* * * LOW HITPOINT WARNING * * *
You hit the orc.
The orc is heavily wounded.
The orc hits you with a +0 morningstar.
* * * LOW HITPOINT WARNING * * *
The orc priest calls down the wrath of Beogh upon you.
Beogh smites you!
You die...

#########
#.......#
#.#####.# #.#
#@# #o#
.......o....#
####.#####..#
# o.<. ##o


You could see an orc priest and an orc.

Vanquished Creatures
  2 adders (D:2)
  An orc (D:6)
  6 ball pythons
  5 bats
  5 endoplasms
  9 goblins
  4 hobgoblins
  6 jackals (D:2)
  A quokka (D:2)
  6 frilled lizards
  3 kobolds
  6 rats
54 creatures vanquished.

Vanquished Creatures (others)
  A plant (D:3)
1 creature vanquished.

Grand Total: 55 creatures vanquished

Notes
Turn   | Place    | Note
-------+----------+-------------------------------------------
     0 | D:1      | concernfroge the Mummy Monk began the quest for the Orb.
     0 | D:1      | Reached XP level 1. HP: 18/18 MP: 1/1
   121 | D:1      | Reached XP level 2. HP: 20/24 MP: 2/2
   359 | D:1      | Reached skill level 4 in Fighting
   758 | D:2      | Gained mutation: You are in touch with the powers of death.
                  | [Mummy growth]
   758 | D:2      | Reached XP level 3. HP: 27/31 MP: 3/3
  1578 | D:2      | Reached XP level 4. HP: 27/38 MP: 4/4
  1813 | D:3      | Reached skill level 5 in Fighting
  1922 | D:3      | You fall into a shaft and drop 3 floors!
  1940 | D:6      | Killed from afar by an orc priest

Illustrated notes

Levels and vault maps discovered:
D:1:      nzn_arrival_depleted_hourglass, layout_basic
D:2:      layout_rooms
D:3:      layout_rooms, lemuel_tele_altar, gup_sewer_entry_bowl,
          serial_bayou_ford_a
D:6:      layout_basic, cheibrodos_worm_habitat, ebering_ghost_sewer_d

Skill      XL: |  1  2  3  4 |
---------------+-------------+-----
Fighting       | 4 5 |  5.0
Polearms       | |  2.4
Dodging        | |  2.4
Stealth        | |  1.5

Action                   |  1- 3 |  4- 6 || total
-------------------------+-------+-------++-------
Melee: Spear             |    96 |       ||    96
       Dagger            |    62 |    30 ||    92
       Punch             |     2 |       ||     2
  Use: Scroll            |       |     8 ||     8
 Stab: Sleeping          |     4 |       ||     4
Armor: Robe              |    32 |       ||    32
       Scale mail        |       |     7 ||     7
       Ring mail         |       |     1 ||     1
Dodge: Dodged            |    90 |     9 ||    99

Table legend: (Time is in decaauts)
 A = Elapsed time spent in this place.
 B = Non-inter-level travel time spent in this place.
 C = Inter-level travel time spent in this place.
 D = Time resting spent in this place.
 E = Time spent auto-exploring this place.
 F = Levels seen in this place.
 G = Mean time per level.
                   A        B        C        D        E       F      G
               +--------+--------+--------+--------+--------+-----+--------+
         Total |   1939 |   1903 |     36 |    121 |   1394 |   4 |  484.8 |
       Dungeon |   1939 |   1903 |     36 |    121 |   1394 |   4 |  484.8 |
               +--------+--------+--------+--------+--------+-----+--------+

Top non-repeatable levels by time:
     D:2: 1045 daAuts
     D:1: 746 daAuts
     D:3: 129 daAuts
     D:6: 17 daAuts
